 Dungeon Crawl Stone Soup version 0.32-a0-818-gb728d0252e (webtiles) character file.

Game seed: 2292349989623735940

28 Esekla the Sneak (level 3, 25/26 HPs)
             Began as an Octopode Delver on Mar 24, 2024.
             Quit the game on level 5 of the Dungeon.
             The game lasted 00:02:51 (92 turns).

Esekla the Sneak (Octopode Delver)                    Turns: 92, Time: 00:02:51

Health: 25/26      AC:  1    Str: 11    XL:     3   Next: 12%
Magic:  4/4        EV: 12    Int: 14    God:
Gold:   21         SH:  0    Dex: 13    Spells: 3/3 levels left

rFire   . . .        a - +0 falchion
rCold   . . .        (no shield)
rNeg    . . .        (helmet restricted)
rPois   .            (no amulet)
rElec   .            (no ring)
rCorr   .            (no ring)
SInv    .            (no ring)
Will    .....        (no ring)
Stlth   ++++         (no ring)
HPRegen 0.24/turn    (no ring)
MPRegen 0.09/turn    (no ring)
                     (no ring)

%: no passive effects
@: no status effects
A: almost no armour, amphibious, 8 rings, camouflage 1, gelatinous body 1,
(nimble swimmer 1), tentacles
a: no special abilities


You were on level 5 of the Dungeon.
You visited 1 branch of the dungeon, and saw 1 of its levels.

You collected 21 gold pieces.

Inventory:

Hand Weapons
 a - a +0 falchion (weapon)
Wands
 f - a wand of digging (3)
Scrolls
 b - a scroll of fog
 d - a scroll of fear
Potions
 c - 2 potions of cancellation {unknown}
 e - a potion of haste


   Skills:
 * Level 3.2 Fighting
 + Level 2.0 Long Blades
 * Level 2.2 Dodging
 + Level 7.2 Stealth
 * Level 0.8 Spellcasting


You had 3 spell levels left.
You didn't know any spells.
Your spell library was empty.

Dungeon Overview and Level Annotations

Branches:
Dungeon (5/15)
 Temple: D:4-7

Altars:
Makhleb
Zin

Shops:
D:5 *


Innate Abilities, Weirdness & Mutations

You cannot wear most types of armour.
You are amphibious.
You can wear up to eight rings at the same time.
Your skin changes colour to match your surroundings (Stealth+).
Your rubbery body absorbs attacks. (AC +1, EV +1)
((You are camouflaged when in or above water. (Stealth+)))
You have tentacles for arms and can constrict up to eight enemies at once.


Message History

Found 8 gold pieces and 2 golden potions.
A hound comes into view.
Found an escape hatch in the ceiling.
Found 8 stones.
A centaur comes into view.
Found a scroll labelled NEIVICV SIEL and a hand axe.
The hound barks!
You see here 2 golden potions.
c - 2 golden potions You see here 8 gold pieces.
You now have 8 gold pieces.
Found 13 gold pieces.
The hound attacks as it pursues you! The hound barely misses you. x2
The hound attacks as it pursues you! The hound bites you.
The hound closely misses you. The hound closely misses you.
The hound bites you. The hound attacks as it pursues you!
The hound barely misses you.
You see here 13 gold pieces.
The hound bites you.
You closely miss the hound. You grab the hound. You constrict the hound.
The hound barely misses you. x2
You hit the hound.
The hound is heavily wounded.
You constrict the hound. The hound closely misses you.
You hit the hound.
You kill the hound!
Your Stealth skill increases to level 7!
You have reached level 2!
You have reached level 3!
Your experience leads to an increase in your attributes!
Increase (S)trength, (I)ntelligence, or (D)exterity?
You feel clever. x2
You see here 13 gold pieces.
You now have 21 gold pieces (gained 13).
Found a leather armour.
As you open the door, it creaks loudly!
Found a burning altar of Makhleb and a glowing silver altar of Zin.
There is an open door here.
Are you sure you want to abandon this character and quit the game? (Confirm with "yes".)

****** **,,,,*** *,,,*,,,****
*,,,*##,,,,* ###+##.****,*
###.....###**,*
######ß._..._.ß#*,,* *****
#######...#**#.....#***>** **,,,,
........#####*##@#.# *** *,,***
######...#..###...#****** **,**,,
### #........#...#...,,***,,,,,*
..## #...................#*,**,,*
#..###...#.......##.......,,***,*
##.......#.......#*....(..*** *,*
*#####......##)..#*,......* *,* *
#...##......###.....#* *,,
*#####...###..##......<..#* ***


There were no monsters in sight!

Vanquished Creatures
  A hound (D:5)
1 creature vanquished.

Notes
Turn   | Place    | Note
-------+----------+-------------------------------------------
     0 | D:5      | Esekla the Octopode Delver began the quest for the Orb.
     0 | D:5      | Reached XP level 1. HP: 16/16 MP: 1/1
    11 | D:5      | Found Ucaklagg's Overcharged Wands.
    24 | D:5      | Noticed a scorpion
    29 | D:5      | Noticed a hound
    34 | D:5      | Noticed a centaur
    54 | D:5      | Killed a hound
    55 | D:5      | Reached skill level 7 in Stealth
    55 | D:5      | Reached XP level 2. HP: 13/21 MP: 1/3
    55 | D:5      | Reached XP level 3. HP: 16/26 MP: 1/4
    90 | D:5      | Found a burning altar of Makhleb.
    90 | D:5      | Found a glowing silver altar of Zin.
    92 | D:5      | Quit the game

Illustrated notes

Levels and vault maps discovered:
D:5:      layout_rooms, grunt_temple_overflow_order_and_chaos_2,
          minmay_misc_feat_rows, nicolae_shop_overcharged_wands

Skill      XL: |  1 |
---------------+----+-----
Stealth        | 7 |  7.2
Fighting       | |  3.2
Long Blades    | |  2.0
Dodging        | |  2.2
Spellcasting   | |  0.8

Action                     || total
---------------------------++-------
  Melee: Falchion          ||     3
         Constrict         ||     1
    Use: Scroll            ||     1
 Armour: Skin              ||     3
  Dodge: Dodged            ||     8

Table legend: (Time is in decaauts)
 A = Elapsed time spent in this place.
 B = Non-inter-level travel time spent in this place.
 C = Inter-level travel time spent in this place.
 D = Time resting spent in this place.
 E = Time spent auto-exploring this place.
 F = Levels seen in this place.
 G = Mean time per level.
                   A        B        C        D        E       F      G
               +--------+--------+--------+--------+--------+-----+--------+
         Total |     92 |     92 |      0 |      0 |      0 |   1 |   92.0 |
       Dungeon |     92 |     92 |      0 |      0 |      0 |   1 |   92.0 |
               +--------+--------+--------+--------+--------+-----+--------+

Top non-repeatable levels by time:
     D:5: 92 daAuts
